[Event "*** SCC Grand Prix: Titled Tuesday Blitz"]
[Site "Chess.com"]
[Date "2020.09.08"]
[Round "9"]
[White "BanjoKazooieN64"]
[Black "AlexOstrovskiy"]
[Result "0-1"]
[WhiteElo "2595"]
[BlackElo "2745"]
[TimeControl "180+1"]
[EndTime "11:47:27 PDT"]
[Termination "AlexOstrovskiy won by resignation"]

1. e4 e6 2. d4 d5 3. Nc3 h6 4. e5 c5 5. Nf3 cxd4 6. Nxd4 Nc6 7.
f4 Nge7 8. Nxc6 Nxc6 9. Bd3 Bc5 10. Na4 Be7 11. O-O Bd7 12. b3 O-O 13. Qh5 Nb4 14.
Rf3 Nxd3 15. Rxd3 Bxa4 16. bxa4 f5 17. Rg3 Kh8 18. Qg6 Rg8 19. Qxe6 Rc8 20. Qxf5 Qb6+ 21. Be3 d4 22. Bf2 Qb2 23. Rf1 Rxc2 24. Rb3 Qxa2 25. Rxb7 Bc5 26. Qf7 Rxf2 27. Qxa2 Rxa2 28. f5 d3+ 29. Kh1 d2 30. f6 gxf6 31. exf6 Bd4 32.
f7 Rf8 33. Rd7 Rxa4 34. g4 Ra1 35. Rxa1 Bxa1 36. Rxd2 Rxf7 37. h4 Kg7 38. Ra2 Bf6 39.
Kg2 Bxh4 40. Kh3 Bg5 41. Kg2 Rd7 42. Ra6 Bd8 43. Kf3 Bb6 44. Ra4 Rd4 45. Ra3 Kg6 46. Kg3 Kg5 47. Kh3 Rxg4 48. Rb3 Rh4+ 49. Kg3 Rc4 50.
Rb5+ Rc5 51. Rb4 h5 52. Kg2 Rc2+ 53. Kf3 Rc3+ 54. Ke4 h4 55. Rb5+ Rc5 56. Rb2 h3 57.
Kf3 Rc3+ 58. Ke4 Kg4 59. Rb3 Rxb3 0-1

[Event "*** SCC Grand Prix: Titled Tuesday Blitz"]
[Site "Chess.com"]
[Date "2020.09.08"]
[Round "9"]
[White "Maghalashvili"]
[Black "Mr_Sinigami"]
[Result "1/2-1/2"]
[WhiteElo "2724"]
[BlackElo "2564"]
[TimeControl "180+1"]
[EndTime "11:47:27 PDT"]
[Termination "Game drawn by repetition"]

1. Nf3 Nf6 2. g3 g6 3. Bg2 Bg7 4. O-O O-O 5. c3 d6 6. d4 Nbd7 7. Nbd2 e5 8. e4 Qe7 9. Re1 b6 10. a4 a5 11. Nc4 Bb7 12. dxe5 dxe5 13. b3 Rfd8 14. Qc2 Nc5 15. Nfxe5 Nfxe4 16. Ba3 f5 17. Bxc5 Qxc5 18. Nd3 Qf8 19. Nf4 Re8 20. Re3 Qf7 21. Rae1 Rad8 22. h4 Ba8 23. Kh2 Nxc3 24. Ne6 Be4 25.
Nxd8 Rxd8 26. Bxe4 Nxe4 27. f3 Nc5 28. Re7 Qf6 29. Qe2 f4 30. Re8+ Rxe8 31. Qxe8+ Bf8 32. Qe5 fxg3+ 33. Kxg3 Qf7 34. Qe8 Qf6 35. Ne5 Kg7 36. f4 Bd6 37. Qc8 Ne6 38. Qd7+ Kg8 39. Qe8+ Kg7 40.
Qd7+ Kg8 41. Re4 Nxf4 42. Qe8+ Kg7 43. Qd7+ Kg8 44. Qe8+ Kg7 45. Qd7+ Kg8 1/2-1/2

[Event "*** SCC Grand Prix: Titled Tuesday Blitz"]
[Site "Chess.com"]
[Date "2020.09.08"]
[Round "9"]
[White "UCantHandleDenker"]
[Black "KarstenHansch"]
[Result "0-1"]
[WhiteElo "2591"]
[BlackElo "2488"]
[TimeControl "180+1"]
[EndTime "11:47:27 PDT"]
[Termination "KarstenHansch won by checkmate"]

1. Nf3 d5 2. g3 Nf6 3. d3 g6 4. Bg2 Bg7 5. O-O O-O 6. Nbd2 c5 7. e4 Nc6 8. Re1 Bg4 9. h3 Bxf3 10. Qxf3 d4 11. Qe2 e5 12. a4 a6 13. f4 b5 14.
Nf3 Nd7 15. f5 f6 16. fxg6 hxg6 17. Nh4 g5 18. Nf5 Ne7 19. Qg4 Nxf5 20. Qxf5 Nb6 21. a5 Nc8 22. h4 Nd6 23. Qe6+ Rf7 24. Bf3 gxh4 25. gxh4 Kf8 26. Kf2 Qd7 27. Qd5 Rd8 28. Qxc5 f5 29. Ke2 fxe4 30. dxe4 Rc8 31. Qd5 Rxf3 32.
Bd2 Rf7 33. Rf1 Qg4+ 34. Ke1 Qxe4+ 35. Qxe4 Nxe4 36. Bb4+ Kg8 37. Ke2 Rxc2+ 38. Kd3 Rxb2 39. Kxe4 Rxb4 40. Rg1 d3+ 41. Kxd3 Rxh4 42. Rac1 e4+ 43.
Ke3 Rf3+ 44. Ke2 Rh2+ 45. Ke1 Re3+ 46. Kf1 Rf3+ 47. Ke1 Rf7 48. Rc8+ Kh7 49. Rd8 Bh6 50. Rd6 Rc7 51. Rd2 Bxd2+ 52. Kd1 Rc1# 0-1

[Event "*** SCC Grand Prix: Titled Tuesday Blitz"]
[Site "Chess.com"]
[Date "2020.09.08"]
[Round "9"]
[White "WinstonSilvakov"]
[Black "Kazmin_Dmitrij"]
[Result "1-0"]
[WhiteElo "2140"]
[BlackElo "2258"]
[TimeControl "180+1"]
[EndTime "11:47:28 PDT"]
[Termination "WinstonSilvakov won on time"]

1. d4 f5 2. e4 fxe4 3. Nc3 Nf6 4. Bg5 Nc6 5. Bxf6 exf6 6. d5 Ne5 7. Nxe4 f5 8. Nc3 Bc5 9. Nf3 Nxf3+ 10. Qxf3 O-O 11. O-O-O d6 12. Bd3 a6 13. h3 b5 14. Rhe1 b4 15. Ne2 a5 16. Nf4 Qf6 17. Ne6 Bxe6 18. Rxe6 Qg5+ 19. Kb1 a4 20. Bc4 a3 21. Rde1 axb2 22.
Re7 Ra3 23. Qe2 h6 24. Qe6+ Kh7 25. Bd3 Rxd3 26. cxd3 Qd2 27. Qe2 Qxe2 28. R7xe2 Bd4 29. Re7 Bc3 30. R1e2 f4 31. f3 Rc8 32. Rf7 c6 33.
Rxb2 Bxb2 34. Kxb2 cxd5 35. Rxf4 Rc3 36. Rd4 Rc5 37.
Rxb4 Ra5 38. a4 Kg6 39. Kb3 Kf6 40. Rb5 Ra6 41. Rxd5 Ke6 42. Rb5 d5 43. Kc3 Ke5 44.
g3 Rxa4 45. f4+ Kd6 46. Rb7 Ra1 47. Rxg7 Rg1 48. g4 Kc5 49. Rc7+ Kb5 50. Kd4 Rg3 51. f5 Rxh3 52. Rc5+ 1-0

[Event "*** SCC Grand Prix: Titled Tuesday Blitz"]
[Site "Chess.com"]
[Date "2020.09.08"]
[Round "9"]
[White "sergiochess83"]
[Black "Koksik_13"]
[Result "1-0"]
[WhiteElo "2838"]
[BlackElo "2668"]
[TimeControl "180+1"]
[EndTime "11:47:29 PDT"]
[Termination "sergiochess83 won on time"]

1. e4 e6 2. d4 d5 3. Nc3 Bb4 4. e5 c5 5. a3 Bxc3+ 6. bxc3 Ne7 7. h4 Qa5 8. Bd2 Qa4 9. h5 b6 10. h6 gxh6 11. Nf3 Ba6 12. Rxh6 Nbc6 13. Rh4 Bxf1 14. Kxf1 cxd4 15. cxd4 Rc8 16. c3 Qxd1+ 17. Rxd1 Na5 18. Ke2 Rc4 19. Rdh1 Ra4 20. Bc1 Rg8 21. g3 Nc4 22.
Rxh7 Nxa3 23. Rh8 Rxh8 24. Rxh8+ Kd7 25. Rf8 Nb5 26. Kd3 Ra2 27. Rxf7 Ke8 28. Ng5 a5 29. Rf6 a4 30. Rxe6 Ra1 31. Rxb6 Nxd4 32. Kxd4 Rxc1 33. e6 Kf8 34. Ra6 Kg7 35. Rxa4 Kf6 36. f4 Rd1+ 37. Kc5 Rd3 38. Kd6 Rxc3 39. Nh7+ Kg7 40. Kxe7 Rc4 41. Ra7 Ra4 42. Rxa4 1-0

[Event "*** SCC Grand Prix: Titled Tuesday Blitz"]
[Site "Chess.com"]
[Date "2020.09.08"]
[Round "9"]
[White "Vsevolod_Ovchinnikov"]
[Black "Chessdreamer2020"]
[Result "1-0"]
[WhiteElo "2567"]
[BlackElo "2390"]
[TimeControl "180+1"]
[EndTime "11:47:30 PDT"]
[Termination "Vsevolod_Ovchinnikov won by resignation"]

1. d4 d6 2. Nf3 g6 3. c4 Bg7 4.
h3 e5 5. Bg5 Ne7 6. dxe5 dxe5 7.
Qxd8+ Kxd8 8. Nc3 f6 9. O-O-O+ Nd7 10. Bd2 c6 11. g4 Kc7 12. b3 Nc5 13. Be3 Ne6 14.
h4 h5 15. gxh5 Rxh5 16. Rg1 Bd7 17. Bh3 Bh6 18. Rxd7+ Kxd7 19. Rd1+ Kc7 20. Bxe6 Bxe3+ 21. fxe3 Rd8 22. Rxd8 Kxd8 23. Ne4 f5 24. Nf6 Rh8 25.
Nxe5 Rxh4 26. c5 b6 27. Nf7+ Kc7 28. Ne8+ Kb7 29. Nd8+ Ka6 30. Bc4+ Ka5 31. cxb6 axb6 32. Nd6 b5 33. Bd3 Kb4 34. Kb2 Kc5 35. N6f7 Nd5 36.
Ne6+ Kb6 37. Ne5 Ne7 38. a3 Rh3 39. Nf4 Rxe3 40. Nexg6 Nxg6 41. Nxg6 c5 42. Nf4 Re5 43. Kc3 Ka5 44. b4+ cxb4+ 45. axb4+ Kb6 46. Kd4 Re8 47. Bxf5 Rd8+ 48. Nd5+ Kc6 49. e4 Ra8 50. e5 Ra1 51. Nc3 Rb1 52. Bxb1 1-0

[Event "*** SCC Grand Prix: Titled Tuesday Blitz"]
[Site "Chess.com"]
[Date "2020.09.08"]
[Round "9"]
[White "davigator"]
[Black "Love_craft"]
[Result "0-1"]
[WhiteElo "2349"]
[BlackElo "2572"]
[TimeControl "180+1"]
[EndTime "11:47:30 PDT"]
[Termination "Love_craft won by resignation"]

1. e4 g6 2. d4 Bg7 3. Nc3 d6 4.
Be3 a6 5. Qd2 b5 6. f3 h5 7.
O-O-O Bb7 8. Kb1 Nd7 9. h3 Rc8 10. Nce2 c5 11. c3 Nb6 12. Nc1 cxd4 13. cxd4 Nc4 14.
Bxc4 bxc4 15. d5 c3 16. bxc3 Bxc3 17. Qf2 Qa5 18. Nb3 Qb4 19. Bd4 Nf6 20. Ne2 Bxd4 21. Qxd4 Rc4 22. Qd2 Qb6 23. Ka1 O-O 24. g4 h4 25. Rc1 Rb4 26. Nbd4 a5 27. Rb1 Ba6 28. Rxb4 axb4 29. Rb1 Bxe2 30. Nxe2 Rb8 31. Nd4 Rb7 32. Nc6 Qc5 33. Rc1 Qb5 34. Rb1 Qc5 35. Nxb4 Nd7 36.
Nc6 Rxb1+ 37. Kxb1 Qg1+ 38. Kb2 Nc5 39. Nxe7+ Kf8 40.
Nc6 Qf1 41. Nd4 Qxh3 42. Kc3 Qg3 43. Kc4 h3 44. Qh6+ Kg8 45. Nb5 h2 46. Nxd6 Qg1 47.
Nxf7 Kxf7 48. Qh7+ Kf6 49. Qh8+ Kg5 50. Qd8+ Kf4 51.
Qf6+ Kg3 52. Qd6+ Kg2 53. Qxc5 Qxc5+ 54. Kxc5 h1=Q 55. d6 Qc1+ 56. Kd5 Qd2+ 57. Ke6 Kxf3 58. e5 Ke4 59. d7 Qd5+ 60. Ke7 Qxe5+ 61. Kd8 Qb8+ 62. Ke7 Qc7 63. a4 Ke5 64. a5 Qd6+ 65. Ke8 Qe6+ 66. Kf8 Qxd7 67. a6 Kf6 0-1

[Event "*** SCC Grand Prix: Titled Tuesday Blitz"]
[Site "Chess.com"]
[Date "2020.09.08"]
[Round "9"]
[White "Beca95"]
[Black "nrvisakh"]
[Result "1-0"]
[WhiteElo "2917"]
[BlackElo "2744"]
[TimeControl "180+1"]
[EndTime "11:47:31 PDT"]
[Termination "Beca95 won on time"]

1. d4 Nf6 2. c4 g6 3. Nc3 d5 4. Nf3 Bg7 5. Qb3 dxc4 6. Qxc4 O-O 7. e4 Bg4 8. Be3 Nfd7 9. h4 Nb6 10. Qc5 N8d7 11.
Qa5 Bxf3 12. gxf3 e5 13. d5 c6 14. d6 f5 15. O-O-O f4 16. Bc5 h5 17. Ba3 Kh7 18.
Qb4 Rf6 19. Bh3 Rb8 20. Rd2 Qg8 21. b3 Bf8 22. Rhd1 Qf7 23. Qa5 Ra8 24. Ne2 c5 25. Kb1 c4 26. Kb2 Rc8 27. Nc3 cxb3 28. axb3 Rc6 29. Qxa7 Nc4+ 30. bxc4 Qxc4 31. Nd5 Qb5+ 32. Nb4 Nc5 33. Ka1 Nb3+ 34. Ka2 Nxd2 35. Rxd2 Qc4+ 36. Kb1 Rcxd6 37. Qxb7+ Kh6 38. Nd5 Rxd5 39. Bxf8+ Rxf8 40. exd5 Qc3 41. Qb2 Qxf3 42. Be6 Qe4+ 43. Kc1 Ra8 44. d6 Qh1+ 45. Rd1 Qc6+ 46. Qc2 Ra1+ 47. Kb2 1-0

[Event "*** SCC Grand Prix: Titled Tuesday Blitz"]
[Site "Chess.com"]
[Date "2020.09.08"]
[Round "9"]
[White "Paladin61"]
[Black "dopolian"]
[Result "1-0"]
[WhiteElo "2647"]
[BlackElo "2490"]
[TimeControl "180+1"]
[EndTime "11:47:32 PDT"]
[Termination "Paladin61 won on time"]

1. b3 Nf6 2. Bb2 g6 3. Bxf6 exf6 4. c4 Bg7 5. Nc3 O-O 6. g3 f5 7. Rc1 c6 8. Bg2 Re8 9. e3 Qa5 10. Nge2 d6 11. O-O Nd7 12. d4 Nf6 13. Qd3 Bd7 14. Rb1 Qc7 15. b4 Rad8 16. a4 b6 17.
Rbc1 c5 18. b5 Bc8 19. Nf4 Bb7 20. Bxb7 Qxb7 21. Rfd1 Ne4 22. Nxe4 fxe4 23. Qe2 f5 24. dxc5 dxc5 25. Rxd8 Rxd8 26. Rd1 Qe7 27. Rd2 Bf6 28. Nd5 Qf7 29. Qd1 Re8 30. a5 Re6 31. Ra2 Rd6 32. axb6 axb6 33. Ra6 Bd8 34. Ra8 Kg7 35. Qa1+ Kh6 36. Qh8 Rd7 37. Rxd8 Rxd8 38. Qxd8 Qa7 39. Qh4+ Kg7 40. Qe7+ Qxe7 41. Nxe7 1-0

[Event "*** SCC Grand Prix: Titled Tuesday Blitz"]
[Site "Chess.com"]
[Date "2020.09.08"]
[Round "9"]
[White "politeplayer"]
[Black "Mikhail_Golubev"]
[Result "1-0"]
[WhiteElo "2258"]
[BlackElo "2545"]
[TimeControl "180+1"]
[EndTime "11:47:33 PDT"]
[Termination "politeplayer won on time"]

1. e4 c5 2. Nf3 d6 3. d4 Nf6 4. Nc3 cxd4 5. Nxd4 Nc6 6. Bc4 e6 7. Be3 a6 8. a4 Be7 9. Ba2 O-O 10. O-O d5 11.
Nxc6 bxc6 12. exd5 cxd5 13. a5 Bb7 14. Na4 Rc8 15.
Nb6 Rc7 16. c3 Bc5 17. Bf4 Bd6 18. Bxd6 Qxd6 19. Re1 e5 20. Nc4 Rxc4 21. Bxc4 Qc5 22. Bf1 Re8 23. Rc1 Qxa5 24. Qb3 Bc6 25. Ra1 Qc5 26.
Rxa6 Rc8 27. Qb6 Qd6 28. Qe3 e4 29. b4 Qe5 30. b5 Bd7 31. Ra7 Rxc3 32. Ra8+ Be8 33.
Qb6 h6 34. Qd8 Kh7 35. b6 Ng4 36. Qb8 Qd4 37. Qxe8 Qxf2+ 38. Kh1 Qxe1 39. Qxf7 Rf3 40.
Qg8+ Kg6 41. Qe6+ Nf6 42. Qf7+ Kxf7 43. Ra7+ Kg6 44. Ra1 1-0

[Event "*** SCC Grand Prix: Titled Tuesday Blitz"]
[Site "Chess.com"]
[Date "2020.09.08"]
[Round "9"]
[White "Sacbutt"]
[Black "DishonorOnYourCow"]
[Result "0-1"]
[WhiteElo "2212"]
[BlackElo "2343"]
[TimeControl "180+1"]
[EndTime "11:47:34 PDT"]
[Termination "DishonorOnYourCow won by checkmate"]

1. d4 Nf6 2. c4 g6 3. Nc3 d5 4. cxd5 Nxd5 5. e4 Nxc3 6. bxc3 Bg7 7. Nf3 c5 8. Rb1 Nc6 9. Be3 Qa5 10. Qd2 O-O 11. e5 Rd8 12. Rb5 Qa3 13. Rxc5 Qxc5 14. dxc5 Rxd2 15. Bxd2 Nxe5 16. Nxe5 Bxe5 17. Bc4 Bf5 18. Bd5 Rc8 19. O-O Rxc5 20. Bxb7 Bxc3 21. Rc1 Bd4 22. Rxc5 Bxc5 23. Ba6 Be6 24. a4 Bd7 25. a5 Kg7 26. Bc3+ f6 27. Kf1 Kf7 28. Ke2 Ke6 29. Bc4+ Kd6 30. Bg8 h6 31. Bf7 g5 32.
Bc4 Bc6 33. f3 h5 34. h3 Bd7 35. Bd2 g4 36. hxg4 hxg4 37. Bc3 gxf3+ 38. gxf3 Bc6 39. Bd2 Bd5 40. Bb5 e5 41. Bh6 Bd4 42. Bf8+ Ke6 43.
Bb4 f5 44. Bd3 Kf6 45. Bb5 Kg5 46. Bd7 e4 47. fxe4 Bxe4 48. Bc8 f4 49. a6 f3+ 50. Kf1 f2 51. Bb7 Bd3+ 52. Kg2 f1=Q+ 53. Kg3 Be5# 0-1

[Event "*** SCC Grand Prix: Titled Tuesday Blitz"]
[Site "Chess.com"]
[Date "2020.09.08"]
[Round "9"]
[White "anon102030"]
[Black "GelmanAlexander"]
[Result "1-0"]
[WhiteElo "2704"]
[BlackElo "2508"]
[TimeControl "180+1"]
[EndTime "11:47:35 PDT"]
[Termination "anon102030 won on time"]

1. e4 c5 2. Nc3 e6 3. g3 a6 4. Bg2 d6 5. d3 Nf6 6. f4 Nc6 7.
Nf3 Be7 8. O-O O-O 9. h3 Bd7 10.
g4 h6 11. Be3 b5 12. Ne2 b4 13. Ng3 a5 14. Qd2 a4 15. g5 hxg5 16. fxg5 Nh7 17. h4 a3 18. b3 Rc8 19. Rf2 e5 20. Raf1 Nd4 21. Bxd4 exd4 22. Nh2 Be6 23. Nf5 Qd7 24. Bh3 Kh8 25. Bg2 Rce8 26. Qd1 Bd8 27. Ng3 g6 28. Bf3 d5 29. Bg4 Bc7 30. Bxe6 fxe6 31. Qg4 Qd6 32. Rf3 Rxf3 33. Rxf3 Rf8 34. Nhf1 Rxf3 35. Qxf3 Kg7 36.
exd5 exd5 37. Qg4 Nf8 38. h5 Qe5 39. hxg6 Nxg6 40. Nh5+ Kf7 41. Nfg3 Qe1+ 42. Nf1 Qe5 43. Qf3+ Kg8 44. Nf6+ Kg7 45. Qxd5 Qe3+ 46. Nxe3 1-0

[Event "*** SCC Grand Prix: Titled Tuesday Blitz"]
[Site "Chess.com"]
[Date "2020.09.08"]
[Round "9"]
[White "gagtemp"]
[Black "sorrm8thatscheckm8"]
[Result "0-1"]
[WhiteElo "1949"]
[BlackElo "2441"]
[TimeControl "180+1"]
[EndTime "11:47:36 PDT"]
[Termination "sorrm8thatscheckm8 won on time"]

1. e4 e6 2. d4 d5 3. Nc3 Bb4 4. e5 b6 5. f4 h5 6. Nf3 Nh6 7.
Be3 Nf5 8. Bf2 Bb7 9. Qd2 Nc6 10. a3 Be7 11. O-O-O Na5 12. Kb1 Qd7 13. Bb5 c6 14.
Bd3 O-O-O 15. Rhe1 Kb8 16. Bxf5 exf5 17. Ng5 Bxg5 18.
fxg5 g6 19. h4 Ba6 20. Bg3 Ka8 21. Na2 Rhe8 22. Nb4 Bb7 23. Qf4 Re6 24. Nd3 Nc4 25. Ka2 Qe7 26. Nb4 a5 27. Nd3 Ba6 28. Nf2 Rb8 29. Qc1 a4 30. Nd3 c5 31. Nf4 Na5 32. Nxe6 fxe6 33. dxc5 bxc5 34. Qd2 Nc4 35. Qc3 Qb7 36.
Rb1 d4 37. Qf3 Qxf3 38. gxf3 Nd2 39. f4 Nxb1 40. Kxb1 d3 41. cxd3 Bxd3+ 42. Kc1 c4 43. Bf2 Kb7 44. Bc5 Kc6 45. Bb4 Rb5 46. Kd2 Kd5 47.
Kc3 Rb7 48. Re3 Kc6 49. Re1 Kb5 50. Re3 Rd7 51. Re1 Be4 52. Bd6 Bd3 53. Re3 Kc6 54.
Re1 Rb7 55. Bb4 Rb5 56. Re3 Rd5 57.
Bd6 Kb5 58. Re1 Be4 0-1

[Event "*** SCC Grand Prix: Titled Tuesday Blitz"]
[Site "Chess.com"]
[Date "2020.09.08"]
[Round "9"]
[White "Zavgorodniy_Serg"]
[Black "Meri-Arabidze"]
[Result "1-0"]
[WhiteElo "2790"]
[BlackElo "2565"]
[TimeControl "180+1"]
[EndTime "11:47:37 PDT"]
[Termination "Zavgorodniy_Serg won on time"]

1. e4 c5 2. Nf3 e6 3. b3 Nc6 4.
Bb5 Nge7 5. Bb2 a6 6. Bxc6 Nxc6 7.
O-O d6 8. d4 cxd4 9. Nxd4 e5 10.
Nxc6 bxc6 11. c4 Be7 12. Qd3 O-O 13. Nc3 f5 14. Rad1 f4 15. f3 Qb6+ 16. Kh1 Be6 17. Na4 Qa7 18. c5 Rad8 19. cxd6 Bxd6 20. Qxd6 Rxd6 21.
Rxd6 Re8 22. Rxc6 Qe3 23. Rfc1 h5 24. Bxe5 Bxb3 25. axb3 Rxe5 26. R6c3 Qd4 27. Rc4 Qf2 28.
Nc5 Rg5 29. R4c2 Qe3 30. Nxa6 Qxb3 31. Nc5 Qe3 32. Ne6 Ra5 33. Nc7 Ra2 34. Rc6 Qf2 35.
Rg1 h4 36. h3 Re2 37. Nd5 g5 38. Rcc1 Kg7 39. Ne7 Kf6 40. Nf5 Rc2 41. Rxc2 Qxc2 42.
Ra1 Qb2 43. Ra6+ Ke5 44. Kh2 Qf2 45. Rg6 1-0

[Event "*** SCC Grand Prix: Titled Tuesday Blitz"]
[Site "Chess.com"]
[Date "2020.09.08"]
[Round "9"]
[White "Alindsay211"]
[Black "winniethepooh04"]
[Result "1/2-1/2"]
[WhiteElo "2296"]
[BlackElo "2218"]
[TimeControl "180+1"]
[EndTime "11:47:37 PDT"]
[Termination "Game drawn by repetition"]

1. d4 Nf6 2. Nf3 g6 3. g3 Bg7 4.
Bg2 O-O 5. O-O d6 6. Re1 c6 7. e4 Bg4 8. Bg5 h6 9. Bf4 Nbd7 10. e5 dxe5 11. Bxe5 Nxe5 12. dxe5 Qxd1 13. Rxd1 Nd5 14. Re1 Nb4 15. Na3 Rad8 16. Re4 Bxf3 17. Bxf3 a5 18. Be2 Rd2 19. c3 Nc2 20. Nxc2 Rxc2 21.
Rb1 Rd8 22. Bc4 Rdd2 23. Rf4 e6 24. Kf1 Bxe5 25. Re4 Bg7 26. Re2 b5 27. Rxd2 Rxd2 28.
Be2 b4 29. cxb4 axb4 30. b3 Rxa2 31. Bc4 Ra1 32. Rxa1 Bxa1 33. Ke2 c5 34. Kd3 Kg7 35. Ke4 Kf6 36. f3 Ke7 37. g4 f5+ 38. Ke3 fxg4 39.
fxg4 Kf6 40. Ke4 e5 41. h3 Bd4 42. Bg8 Kg5 43. Kf3 Kh4 44. Kg2 h5 45. gxh5 gxh5 46. Bd5 Kg5 47. Kf3 h4 48. Ke4 Kf6 49. Bc4 Ke7 50.
Bd5 Kd6 51. Bc4 Kc6 52. Bg8 Kb5 53. Bc4+ Kc6 54. Bd5+ Kd6 55. Bc4 Bf2 56. Kf5 e4 57. Kxe4 Bg3 58. Kf5 Bf2 59. Ke4 Bg3 60. Kf5 Bf2 61.
Ke4 1/2-1/2

[Event "*** SCC Grand Prix: Titled Tuesday Blitz"]
[Site "Chess.com"]
[Date "2020.09.08"]
[Round "9"]
[White "PavelShkapenko"]
[Black "Jospem"]
[Result "0-1"]
[WhiteElo "2693"]
[BlackElo "2913"]
[TimeControl "180+1"]
[EndTime "11:47:38 PDT"]
[Termination "Jospem won by resignation"]

1. e4 e5 2. Nf3 Nc6 3. Bc4 Bc5 4. c3 Nf6 5. d4 exd4 6. cxd4 Bb4+ 7. Bd2 Bxd2+ 8.
Nbxd2 d5 9. exd5 Nxd5 10. O-O O-O 11. Rc1 Nce7 12. Re1 h6 13. h3 Be6 14. Ne4 b6 15. a3 c6 16. Ne5 Rc8 17. Qf3 Rc7 18. Ba2 Nf4 19. Bb1 Nfg6 20. Red1 Nd5 21. Kh2 Nh4 22. Qd3 f5 23. Rxc6 Rxc6 24. Nxc6 Qc7+ 25. Qg3 Qxc6 26.
Qxh4 fxe4 27. Bxe4 Qd6+ 28. Qg3 Qxg3+ 29. Kxg3 Kf7 30.
Rc1 Rd8 31. f3 Rd7 32. Kf2 Ne7 33. Ke3 Nf5+ 34. Bxf5 Bxf5 35. Kf4 Be6 36. Ke3 Re7 37.
Kd2 b5 38. Rc5 Bc4 39. g4 Re2+ 40. Kc3 Re3+ 41. Kc2 Rxf3 42. Rc7+ Kg8 43. Rxa7 Rxh3 44. Rd7 Rg3 45. d5 Bb3+ 46. Kd2 Rxg4 47. d6 Kh7 48.
Kc3 Bd5 49. Re7 Rc4+ 50. Kd3 Rc8 51. Kd4 Bf3 52. Ke5 Bg4 53. d7 Rd8 54. Kd6 Rxd7+ 55. Rxd7 Bxd7 56. Kxd7 h5 57. a4 bxa4 0-1

[Event "*** SCC Grand Prix: Titled Tuesday Blitz"]
[Site "Chess.com"]
[Date "2020.09.08"]
[Round "9"]
[White "sergeikim"]
[Black "sokidze"]
[Result "0-1"]
[WhiteElo "2474"]
[BlackElo "2615"]
[TimeControl "180+1"]
[EndTime "11:47:39 PDT"]
[Termination "sokidze won on time"]

1. d4 Nf6 2. c4 e6 3. Nc3 Bb4 4. Qc2 d5 5. a3 Bxc3+ 6. Qxc3 O-O 7. Nf3 dxc4 8. Qxc4 b6 9. g3 Ba6 10. Qc2 Bb7 11. Bg2 Nbd7 12. O-O c5 13. Rd1 cxd4 14.
Nxd4 Bxg2 15. Kxg2 Rc8 16. Qa4 Qc7 17. Bg5 Ne4 18. Be3 Ndc5 19. Qb4 Nf6 20. f3 Nd5 21. Qd2 Rfd8 22. Bf2 Qb7 23. Qg5 h6 24. Qe5 Nd7 25. Qh5 N5f6 26. Qh4 Ne5 27. Rac1 Nd5 28. Qe4 Nc4 29. Nxe6 fxe6 30. Rxc4 Rxc4 31. Qxc4 Nf4+ 32. gxf4 Rxd1 33. Qxe6+ Qf7 34. Qxf7+ Kxf7 35. Kg3 Rd2 36. e4 Rxb2 37. f5 b5 38. Bxa7 Rb3 39. Bc5 Rc3 40. Bb4 Rd3 41. h4 Kf6 42. Kf4 g5+ 43. fxg6 Kxg6 44.
Kg4 h5+ 45. Kf4 Kf6 46. Bc5 Ke6 47. Bb4 Rd1 48. Kg5 Rg1+ 49. Kxh5 Ke5 0-1

[Event "*** SCC Grand Prix: Titled Tuesday Blitz"]
[Site "Chess.com"]
[Date "2020.09.08"]
[Round "9"]
[White "TudorAnton"]
[Black "barriochess"]
[Result "0-1"]
[WhiteElo "2544"]
[BlackElo "2392"]
[TimeControl "180+1"]
[EndTime "11:47:39 PDT"]
[Termination "barriochess won by resignation"]

1. d4 Nf6 2. c4 g6 3. Nf3 Bg7 4.
g3 O-O 5. Bg2 d6 6. O-O c6 7. h3 Ne4 8. Nc3 f5 9. Nxe4 fxe4 10.
Ng5 d5 11. cxd5 cxd5 12. h4 Nc6 13. Be3 Bf5 14. Rc1 Qd7 15. Kh2 Rad8 16. Nh3 e5 17.
dxe5 Nxe5 18. Nf4 Ng4+ 19. Kg1 Bxb2 20. Rb1 Nxe3 21. fxe3 Be5 22. Qb3 Rf7 23. Rfd1 Bxf4 24. exf4 d4 25. Rb2 h5 26. Rbd2 d3 27. exd3 exd3 28.
Bf1 Qd4+ 29. Kh2 Kg7 30. Bxd3 Bxd3 31. Rxd3 Qf2+ 32. Kh3 Rxd3 33. Qxd3 Qxa2 34. Qd4+ Kh7 35. f5 gxf5 36. Qe3 Qc4 37. Qg5 Qg4+ 38. Qxg4 fxg4+ 39. Kg2 Kg6 40. Rd6+ Rf6 41. Rd5 Rb6 42. Rd7 Kh6 43. Kf2 a5 44. Ke3 a4 45. Rd4 Ra6 46. Rd2 a3 47. Ra2 b5 48. Kd4 b4 49. Kc4 Rb6 50. Kb3 Rb8 51. Rf2 Kg6 52. Rd2 Ra8 53. Ka2 b3+ 54.
Kxb3 a2 55. Rxa2 Rxa2 56. Kxa2 Kf5 57. Kb3 Ke4 58. Kc4 Kf3 59. Kd5 Kxg3 60. Ke5 Kxh4 61. Kf4 Kh3 62. Kg5 g3 63. Kxh5 g2 64. Kg5 g1=Q+ 65.
Kf4 0-1

[Event "*** SCC Grand Prix: Titled Tuesday Blitz"]
[Site "Chess.com"]
[Date "2020.09.08"]
[Round "9"]
[White "RobPeresian"]
[Black "IroniaSudby"]
[Result "0-1"]
[WhiteElo "2362"]
[BlackElo "2508"]
[TimeControl "180+1"]
[EndTime "11:47:39 PDT"]
[Termination "IroniaSudby won by resignation"]

1. Nf3 Nf6 2. c4 b6 3. g3 Bb7 4. Bg2 c5 5. O-O g6 6. Nc3 Bg7 7. Re1 O-O 8. e4 d6 9. d4 cxd4 10. Nxd4 Qc7 11. Be3 a6 12. Nd5 Qd8 13. Nxf6+ exf6 14. Rc1 Re8 15. f3 Nd7 16. b3 Ne5 17. Qd2 Rc8 18.
h3 b5 19. cxb5 Rxc1 20. Rxc1 f5 21. bxa6 Bxa6 22. exf5 Nd3 23. Rd1 Nb2 24. Rb1 Qe7 25. fxg6 Qxe3+ 26. Qxe3 Rxe3 27. Nf5 Re2 28. Nxg7 Kxg7 29.
Bf1 Bd3 30. Bxe2 Bxb1 31. gxf7 Kxf7 32. a4 Bc2 33. a5 Bxb3 34. a6 Bd5 35. Kf2 Na4 36.
Ke3 Nc5 37. a7 Ke7 38. f4 Bc6 39. Bf3 d5 40. Kd4 Kd6 41. f5 Nb3+ 42. Kd3 Nc5+ 43. Kd4 Ne4 44. Bxe4 dxe4 45. g4 Bb7 46. g5 Ke7 47.
f6+ Ke6 48. h4 Kf7 49. Ke3 Kg6 50. Kf4 Kf7 51. h5 Ke6 52. Ke3 Kf7 53. Kf4 Ba8 54.
Kf5 e3 55. g6+ hxg6+ 56. hxg6+ Kg8 57. Kg5 e2 58. Kh6 e1=Q 59. f7+ Kf8 60. g7+ Kxf7 0-1

[Event "*** SCC Grand Prix: Titled Tuesday Blitz"]
[Site "Chess.com"]
[Date "2020.09.08"]
[Round "9"]
[White "Xeslu"]
[Black "Barmen_EV"]
[Result "0-1"]
[WhiteElo "2317"]
[BlackElo "2442"]
[TimeControl "180+1"]
[EndTime "11:47:39 PDT"]
[Termination "Barmen_EV won on time"]

1. e4 f6 2. d4 g6 3. Bc4 Nh6 4. h4 Nf7 5. h5 g5 6. Nc3 c6 7. a4 Na6 8. Nge2 Nc7 9. d5 Ne5 10. Bb3 Bh6 11. Ng3 e6 12. Be3 O-O 13. Qe2 Kh8 14.
O-O-O b5 15. dxe6 bxa4 16. Nxa4 d6 17. Nf5 Bxe6 18. Nxh6 Bxb3 19. cxb3 Rb8 20. Qc2 Ne6 21. Nf5 d5 22. Nc5 Nxc5 23. Bxc5 Re8 24. Nd6 Re7 25. Qc3 Rd7 26. Nf5 dxe4 27. Rxd7 Qxd7 28. Nd6 Qe6 29.
Kc2 Nd3 30. Rd1 Qd5 31. Rxd3 exd3+ 32. Kd2 Kg7 33. h6+ Kg6 34. b4 Rd8 35. Qxd3+ Qxd3+ 36. Kxd3 f5 37. Kd4 Kxh6 38. Ke5 Kg6 39. Nxf5 Rd5+ 40. Ke4 Rxf5 41. g3 a6 42. f4 Rd5 43.
b3 gxf4 44. g4 h5 45. Kxf4 h4 0-1

[Event "*** SCC Grand Prix: Titled Tuesday Blitz"]
[Site "Chess.com"]
[Date "2020.09.08"]
[Round "9"]
[White "Sethu0025"]
[Black "poummba"]
[Result "1-0"]
[WhiteElo "2703"]
[BlackElo "2530"]
[TimeControl "180+1"]
[EndTime "11:47:41 PDT"]
[Termination "Sethu0025 won on time"]

1. Nf3 g6 2. e4 c5 3. c3 Bg7 4. d4 cxd4 5. cxd4 d5 6. e5 Nh6 7. h3 O-O 8. Nc3 f6 9. exf6 exf6 10. Be2 Nc6 11. O-O Nf7 12. Re1 Re8 13. Qb3 f5 14. Qxd5 Nxd4 15. Nxd4 Bxd4 16. Qxd8 Rxd8 17. Nb5 Bb6 18. Bc4 Kf8 19. Bf4 a6 20. Nc7 Bxc7 21.
Bxc7 Re8 22. Bb6 Bd7 23. Bc5+ Kg7 24. Bd4+ Kf8 25. Rad1 Rxe1+ 26. Rxe1 Re8 27. Bc5+ Kg7 28. Bd4+ Kf8 29. Rd1 Bc6 30. Bc5+ Kg7 31. Bd4+ Kf8 32. Be3 Rd8 33. Bh6+ Ke7 34. Re1+ Be4 35. Bc1 Kf6 36. b3 g5 37. f3 Bd5 38. Bb2+ Kg6 39. Bxd5 Rxd5 40.
Re6+ Kh5 41. Bc3 Rc5 42. Bb4 Rc2 43. Re7 Kg6 44. Re6+ Kg7 45. a4 Rc1+ 46. Kh2 Rb1 47. Bc3+ Kf8 48. b4 Rb3 49. Bd4 Rd3 50. Bc5+ Kg7 51.
Re7 Kf6 52. Rxb7 Rd2 53. Rb6+ Kg7 54. Rxa6 Ne5 55. Rd6 Nxf3+ 56. Kg3 1-0